Map: Ruby Rock LE

Players

SCIInewby

  • Race: Protoss Protoss
  • League: Master
  • Spawn Location: 11:00

Tevoyaganar - Winner!

  • Race: Zerg Zerg
  • League: Gold
  • Spawn Location: 5:00

VOD

Have the link to the VOD?

Description

Time

  • Played on: Feb. 5, 2026, 9:20 p.m.
  • Length: 11:16
Show
View Real Time Build Order
Export as new Build Order

SCIInewby Protoss 

Build Orders: 1 Gate Expand 

Get SALT Encoding   

  12  0:00  Probe  
  13  0:12  Probe  
  14  0:20  Pylon  
  14  0:24  Probe  
  15  0:39  Gateway  
  15  0:50  Probe  
  16  1:03  Probe  
  17  1:17  Nexus  
  17  1:29  Cybernetics Core  
  17  1:35  Assimilator  
  17  1:46  Assimilator  
  17  1:49  Probe  
  17  1:50  Assimilator  
  18  1:55  Pylon  
  18  2:01  Probe  
  19  2:13  Probe  
  20  2:26  Probe  
  20  2:28  Forge  
  21  2:36  Probe  
  20  2:38  Pylon  
  20  2:39  Probe  
  20  2:40  Warp Gate  
  22  2:44  Probe  
  22  2:47  Probe  
  23  2:56  Zealot  
  26  3:07  Probe x2  
  28  3:34  Probe x2  
  29  3:46  Probe x2  
  29  3:47  Pylon  
  30  3:53  Pylon  
  29  3:58  Probe x2  
  29  4:01  Pylon  
  29  4:02  Stalker  
  29  4:06  Probe  
  29  4:10  Probe  
  29  4:14  Probe  
  31  4:19  Assimilator  
  29  4:29  Photon Cannon  
  28  4:33  Probe x2  
  30  4:44  Gateway  
  30  4:48  Probe  
  30  4:49  Probe  
  29  4:56  Probe  
  29  5:01  Stalker  
  32  5:14  Probe  
  32  5:18  Probe  
  34  5:22  Probe  
  35  5:28  Stargate  
  35  5:30  Probe  
  36  5:46  Probe  
  36  5:47  Twilight Council  
  36  5:49  Probe  
  38  5:54  Probe  
  38  6:01  Probe  
  38  6:03  Probe  
  40  6:07  Stalker x2  
  40  6:08  Assimilator  
  45  6:19  Shield Battery  
  45  6:20  Charge  
  45  6:25  Probe x2  
  47  6:30  Stalker  
  47  6:31  Stalker  
  51  6:37  Probe x2  
  53  6:49  Probe x2  
  53  6:51  Protoss Air Weapons Level 1  
  55  7:03  Fleet Beacon  
  55  7:11  Dark Shrine  
  55  7:15  Stalker x2  
  59  7:19  Probe  
  60  7:31  Pylon  
  60  7:33  Pylon  
  60  7:35  Pylon  
  60  7:37  Pylon  
  60  7:40  Pylon  
  53  7:52  Photon Cannon  
  53  7:54  Stalker  
  55  7:59  Carrier  
  55  8:03  Stalker  
  60  8:20  Stalker  
  60  8:27  Stalker  
  60  8:35  Photon Cannon  
  60  8:48  Carrier  
  60  8:50  Probe x2  
  62  8:56  Dark Templar  
  62  9:02  Probe x2  
  72  9:11  Dark Templar  
  72  9:14  Probe x2  
  76  9:26  Probe x2  
  76  9:38  Probe  
  71  9:45  Dark Templar x2  
  75  9:47  Carrier  
  81  9:55  Archon  
  63  10:21  Stalker x2  
  61  10:23  Probe  
  61  10:27  Probe  
  65  10:28  Gateway  
  65  10:30  Gateway  
  65  10:31  Probe, Gateway  
  66  10:39  Probe  
  66  10:41  Probe  
  68  10:51  Probe  
  68  10:53  Probe  
Show
View Real Time Build Order
Export as new Build Order

Tevoyaganar Zerg - Winner!

Build Orders: Hatch First 

Get SALT Encoding   

  12  0:02  Drone  
  13  0:12  Overlord  
  13  0:17  Drone  
  14  0:32  Drone x2  
  14  0:34  Drone  
  17  0:52  Drone  
  17  0:53  Hatchery  
  17  0:56  Drone  
  18  1:06  Extractor  
  18  1:10  Spawning Pool  
  16  1:13  Drone  
  16  1:18  Drone  
  18  1:28  Drone  
  19  1:38  Overlord  
  19  1:57  Queen  
  19  2:01  Zergling x4  
  23  2:06  Drone, Queen  
  26  2:18  Metabolic Boost  
  26  2:28  Hatchery  
  25  2:32  Drone x3  
  28  2:39  Drone x2  
  28  2:41  Drone  
  31  2:52  Queen  
  33  3:06  Overlord  
  33  3:08  Overlord  
  33  3:09  Drone x2  
  35  3:15  Drone  
  36  3:26  Drone x2  
  38  3:27  Drone x2  
  38  3:28  Drone x3  
  43  3:34  Overlord  
  43  3:44  Drone x2  
  43  3:45  Drone  
  46  3:52  Queen  
  48  4:01  Overlord  
  48  4:02  Drone x3  
  50  4:04  Drone x3  
  50  4:09  Drone  
  54  4:10  Overlord  
  54  4:15  Drone  
  55  4:18  Drone  
  55  4:20  Lair x2  
  55  4:24  Drone x5  
  59  4:25  Overlord  
  61  4:43  Drone x2  
  63  4:49  Drone x2  
  63  4:52  Drone  
  66  4:53  Extractor  
  66  4:55  Extractor  
  66  4:59  Drone x3  
  67  5:05  Extractor  
  66  5:21  Spire  
  66  5:23  Infestation Pit  
  66  5:25  Drone x5  
  66  5:26  Drone x5  
  74  5:31  Burrow  
  74  5:39  Hatchery  
  73  5:45  Overlord  
  73  5:46  Overlord x2, Drone  
  73  5:47  Drone x2  
  73  5:48  Extractor  
  73  5:49  Extractor  
  74  5:57  Drone x5  
  74  5:58  Drone x2, Overlord  
  74  5:59  Drone x4  
  85  6:14  Hive  
  85  6:27  Evolution Chamber  
  85  6:28  Evolution Chamber  
  83  6:48  Mutalisk x8, Zerg Flyer Weapons Level 1  
  83  6:52  Mutalisk  
  83  6:53  Overlord x6  
  83  6:54  Overlord x4  
  101  6:55  Drone x2  
  103  7:10  Drone x9, Extractor  
  103  7:11  Extractor  
  103  7:14  Mutalisk x3  
  116  7:16  Zergling x4  
  116  7:19  Overseer  
  116  7:22  Zerg Melee Weapons Level 1  
  118  7:38  Zergling x2  
  118  7:39  Zergling x18  
  128  7:44  Zerg Ground Armor Level 1  
  128  8:07  Hatchery  
  127  8:13  Drone x4  
  131  8:27  Pneumatized Carapace  
  131  8:56  Zerg Flyer Weapons Level 2  
  131  9:01  Extractor, Zergling x6  
  131  9:02  Zergling x42  
  154  9:04  Extractor  
  153  9:11  Zergling x2  
  153  9:12  Adrenal Glands  
  148  9:38  Spore Crawler  
  148  9:41  Spine Crawler x2  
  148  9:42  Spore Crawler  
  148  9:44  Spine Crawler  
  148  9:45  Spore Crawler, Spine Crawler  
  142  9:46  Spine Crawler  
  142  9:48  Spine Crawler  
  142  9:49  Overseer  
  139  9:59  Mutalisk x4  
  141  10:00  Mutalisk x8  
  141  10:01  Mutalisk x5  
  141  10:02  Zergling x2  
  141  10:03  Zergling x22  
  178  10:19  Zergling x2  
  178  10:20  Zergling x26  
  191  10:41  Zergling x2  
  191  10:42  Zergling x14  
Tags
 
Add a new tag
Caveats
  • Supply blocks, unpowered buildings, or Contaminate may cause inaccurate times.
  • Supply counts are checked every 10 seconds.